 Dungeon Crawl Stone Soup version 0.30-a0-953-g5f1da4a474 (webtiles) character file.

Game seed: 9163646618205058459

79 browni3141 the Firebug (level 4, 0/48 HPs)
             Began as a Demonspawn Fire Elementalist on Mar 28, 2023.
             Slain by Ijyb
             ... wielding a +0 dagger
              (3 damage)
             ... on level 3 of the Dungeon.
             The game lasted 00:05:27 (2720 turns).

browni3141 the Firebug (DsFE)                       Turns: 2720, Time: 00:05:28

Health: 0/48       AC:  5    Str:  8    XL:     4   Next: 17%
Magic:  7/7        EV: 12    Int: 19    God:
Gold:   114        SH:  0    Dex: 13    Spells: 4/7 levels left

rFire   . . .      SeeInvis +    t - +0 scimitar
rCold   . . .      Faith    .    (no shield)
rNeg    . . .      Spirit   .    a - +0 robe
rPois   .          Reflect  .    (no helmet)
rElec   .          Rampage  .    (no cloak)
rCorr   .                        (no gloves)
Will    .....                    e - +2 pair of boots Stlth
                                 (no amulet)
HPRegen 1.28/turn                i - ring of see invisible
MPRegen 0.10/turn                (no ring)

@: berserking (expiring), attractive, flying, very quick
A: powered by death 1
a: no special abilities


You were on level 3 of the Dungeon.
You visited 1 branch of the dungeon, and saw 3 of its levels.

You collected 114 gold pieces.

Inventory:

Hand Weapons
 t - a +0 scimitar (weapon)
Armour
 a - a +0 robe (worn)
 e - a +2 pair of boots (worn)
Jewellery
 i - a ring of see invisible (left hand)
Scrolls
 b - a scroll of acquirement {unknown}
 c - a scroll of brand weapon {unknown}
 d - 2 scrolls of fog {unknown}
 f - a scroll of immolation {unknown}
 g - 2 scrolls of teleportation {unknown}
 h - a scroll of fear {unknown}
 j - 4 scrolls of identify {unknown}
 k - a scroll of amnesia {unknown}
 l - 2 scrolls of poison {unknown}
 n - a scroll of enchant weapon {unknown}
 o - 2 scrolls of blinking {unknown}
 p - a scroll of summoning {unknown}
Potions
 m - a potion of degeneration {unknown}
 s - a potion of attraction


   Skills:
 - Level 1.0 Fighting
 - Level 2.0 Dodging
 - Level 2.0 Stealth
 + Level 2.4 Spellcasting
 * Level 2.9 Conjurations
 - Level 3.0 Fire Magic


You had 4 spell levels left.
You knew the following spells:

 Your Spells              Type           Power      Damage    Failure   Level
a - Foxfire               Conj/Fire      52%        2x1d4     4%          1
b - Scorch                Fire           26%        2d6       7%          2

Your spell library contained the following spells:

 Spells                   Type           Power      Damage    Failure   Level
 Inner Flame              Hex/Fire       8%         N/A       26%         3
 Kindle Blastsparks       Fire/Tloc/Air  12%        2d11      32%         3
 Ozocubu's Armour         Ice            2%         N/A       43%         3
 Flame Wave               Conj/Fire      13%        2d6       43%         4
 Ozocubu's Refrigeration  Ice            1%         4d7       100%        7


Dungeon Overview and Level Annotations

Branches:
Dungeon (3/15)

Altars:

Shops:
D:1 [

Annotations:
D:3 Ijyb, Robin


Innate Abilities, Weirdness & Mutations

You regenerate a little health from kills.


Message History

* * * LOW HITPOINT WARNING * * *
Ijyb attacks as you move away! Ijyb hits you but does no damage.
Ijyb attacks as you move away! Ijyb misses you.
Ijyb screams, "I cut your head off!" Ijyb attacks as you move away!
Ijyb hits you with a +0 dagger.
* * * LOW HITPOINT WARNING * * *
Ijyb attacks as you move away! Ijyb hits you with a +0 dagger.
* * * LOW HITPOINT WARNING * * *
The kobold throws a stone.
The stone hits you but does no damage.
There is an open gate here.
Ijyb attacks as you move away! Ijyb hits you but does no damage.
You aren't carrying any items that you can evoke.
It was a potion of attraction.
You feel attractive to monsters.
Unknown command.
It was a potion of flight.
You feel very buoyant.
You fly up into the air.
Ijyb barely misses you. The goblin closely misses you.
Unknown command.
It was a potion of berserk rage.
A red film seems to cover your vision as you go berserk!
You feel yourself moving faster!
You feel mighty! Ijyb closely misses you. The goblin closely misses you.
Unknown command.
You hit Ijyb.
Ijyb is lightly wounded.
Ijyb hits you with a +0 dagger.
* * * LOW HITPOINT WARNING * * *
The goblin closely misses you.
You slice the goblin!!
You kill the goblin!
The hobgoblin is attracted toward you. The kobold is attracted toward you.
Unknown command.
You barely miss the hobgoblin. Ijyb hits you but does no damage.
The hobgoblin misses you.
You slash the hobgoblin!
You kill the hobgoblin!
Ijyb hits you but does no damage.
You completely miss the kobold. Ijyb hits you with a +0 dagger.
You die...

#♣...g## #.. #####
#..gK.## #... #####.
##.....#####....
##....)
##......#......##.##)..
##.g.........##.....##
##.........##....#### #
##♣.g...♣##.........
#.#####Kg'## ###.######
#.....@g..# #.
####....### #. #....#
#.# #....# #.# ###
#....# ###.# #..
#....######.).# #.#
#.......<....## #.#
#....####.....####.#
#########...........


You could see Ijyb (resistant), 2 hobgoblins and a kobold.

Vanquished Creatures
  2 gnolls (D:2)
  An adder (D:3)
  5 orcs
  5 ball pythons
  An endoplasm (D:1)
  A giant cockroach (D:2)
  4 goblins
  10 hobgoblins
  3 jackals (D:2)
  2 quokkas (D:1)
  4 bats
  A frilled lizard (D:1)
  3 kobolds
  2 rats
44 creatures vanquished.

Vanquished Creatures (others)
  111 foxfires
111 creatures vanquished.

Grand Total: 155 creatures vanquished

Notes
Turn   | Place    | Note
-------+----------+-------------------------------------------
     0 | D:1      | browni3141 the Demonspawn Fire Elementalist began the quest
                  | for the Orb.
     0 | D:1      | Reached XP level 1. HP: 13/13 MP: 3/3
   101 | D:1      | Reached skill level 1 in Fighting
   252 | D:1      | Reached skill level 3 in Fire Magic
   252 | D:1      | Gained mutation: You regenerate a little health from kills.
                  | [demonic ancestry]
   252 | D:1      | Reached XP level 2. HP: 21/21 MP: 1/5
   306 | D:1      | Found Yvus's Antique Armour Emporium.
   587 | D:1      | Learned a level 2 spell: Scorch
   826 | D:1      | You fall into a shaft and drop 1 floor!
  1597 | D:2      | Reached XP level 3. HP: 23/26 MP: 3/6
  1917 | D:2      | Identified the +10 short sword of Stickiness {elec, rPois
                  | Str+4}
  2519 | D:3      | Reached XP level 4. HP: 32/32 MP: 1/7
  2619 | D:3      | Found a faded altar of an unknown god.
  2687 | D:3      | Noticed Robin
  2687 | D:3      | Noticed Ijyb
  2710 | D:3      | HP: 1/32 [Ijyb/+0 dagger (5)]
  2716 | D:3      | HP: 1/48 [Ijyb/+0 dagger (3)]
  2720 | D:3      | Slain by Ijyb

Illustrated notes

Levels and vault maps discovered:
D:1:      minmay_arrival_three_doors, layout_basic, serial_shops,
          shop_fountains, minmay_bisected
D:2:      layout_basic, amcnicky_mini_rare_corridor_liquid
D:3:      layout_rooms, chequers_temple_overflow_statue_of_worship,
          basic_ecumenical_altar, minmay_crystal_room, st_stairs_12,
          eino_tiny_chamber, kennysheep_donut, nicolae_goblin_pals

Skill      XL: |  1  2  3 |
---------------+----------+-----
Fighting       | 1 |  1.0
Fire Magic     | 3 |  3.0
Stealth        | 2 |  2.0
Dodging        | 2 |  2.0
Conjurations   | 2 |  2.9
Spellcasting   | |  2.4

Action                     |  1- 3 |  4- 6 || total
---------------------------+-------+-------++-------
  Melee: Unarmed           |    37 |       ||    37
         Scimitar          |       |     5 ||     5
   Cast: Foxfire           |    65 |     2 ||    67
         Scorch            |    10 |       ||    10
    Use: Potion            |     1 |     3 ||     4
 Armour: Robe              |    22 |     6 ||    28
  Dodge: Dodged            |    59 |    10 ||    69

Table legend: (Time is in decaauts)
 A = Elapsed time spent in this place.
 B = Non-inter-level travel time spent in this place.
 C = Inter-level travel time spent in this place.
 D = Time resting spent in this place.
 E = Time spent auto-exploring this place.
 F = Levels seen in this place.
 G = Mean time per level.
                   A        B        C        D        E       F      G
               +--------+--------+--------+--------+--------+-----+--------+
         Total |   2718 |   2687 |     31 |     56 |   2216 |   3 |  906.0 |
       Dungeon |   2718 |   2687 |     31 |     56 |   2216 |   3 |  906.0 |
               +--------+--------+--------+--------+--------+-----+--------+

Top non-repeatable levels by time:
     D:2: 1235 daAuts
     D:1: 1202 daAuts
     D:3: 280 daAuts
